 Dungeon Crawl Stone Soup version 0.31-a0-1074-g0b22e4e0f1 (webtiles) character file.

Game seed: 3557721263746508220

256 NogeeEf the Sneak (level 5, 0/28 HPs)
             Began as a Vampire Earth Elementalist on Dec 2, 2023.
             Was an Initiate of Kikubaaqudgha.
             Slain by an iguana (1 damage)
             ... on level 4 of the Dungeon.
             The game lasted 00:09:08 (3439 turns).

NogeeEf the Sneak (Vampire Earth Elementalist)      Turns: 3439, Time: 00:09:09

Health: 0/28       AC:  5    Str:  3 (7)  XL:     5   Next: 92%
Magic:  6/9        EV: 11    Int: 13 (17) God:    Kikubaaqudgha [......]
Gold:   94         SH:  0    Dex: 10 (17) Spells: 9/10 levels left

rFire   . . .        j - +0 dagger
rCold   + + .        (no shield)
rNeg    + + +        m - +2 leather armour {rN+}
rPois   ∞            (no helmet)
rElec   .            (no cloak)
rCorr   .            (no gloves)
SInv    +            (no boots)
Will    .....        (no amulet)
Stlth   ++++         (no ring)
HPRegen 0.00/turn    (no ring)
MPRegen 0.11/turn

%: no passive effects
@: bloodless, inhibited regen
A: bloodless, fangs 3, see invisible, vampiric 2
a: Bat Form, Revivify, Renounce Religion


You were on level 4 of the Dungeon.
You worshipped Kikubaaqudgha.
Kikubaaqudgha was noncommittal.
You visited 1 branch of the dungeon, and saw 4 of its levels.

You collected 94 gold pieces.

Inventory:

Hand Weapons
 j - a +0 dagger (weapon)
Armour
 a - a +0 robe
 m - a +2 leather armour of positive energy (worn)
Talismans
 l - a flux talisman
Scrolls
 c - 2 scrolls of enchant armour
 d - 2 scrolls of identify {unknown}
 f - a scroll of noise {unknown}
 g - a scroll of enchant weapon {unknown}
 i - 2 scrolls of teleportation
Potions
 b - a potion of enlightenment {unknown}
 e - 2 potions of curing {unknown}
 h - a potion of lignification {unknown}
 k - a potion of mutation {unknown}
 n - 2 potions of degeneration {unknown}


   Skills:
 + Level 1.7 Short Blades
 + Level 1.0 Armour
 + Level 3.5 Dodging
 + Level 5.0 Stealth
 + Level 3.1 Spellcasting
 - Level 1.3 Transmutations
 + Level 4.0 Earth Magic


You had 9 spell levels left.
You knew the following spells:

 Your Spells              Type           Power      Damage    Failure   Level
a - Sandblast             Erth           24%        2d8       9%          1

Your spell library contained the following spells:

 Spells                   Type           Power      Damage    Failure   Level
 Passwall                 Tmut/Erth      6%         N/A       22%         2
 Stone Arrow              Conj/Erth      14%        3d7       50%         3
 Petrify                  Tmut/Erth      8%         N/A       82%         4
 Brom's Barrelling Bould  Conj/Erth      7%         2d3       88%         4


Dungeon Overview and Level Annotations

Branches:
Dungeon (4/15)
 Temple: D:4-7

Altars:
Kikubaaqudgha

Shops:
D:1 *

Annotations:
D:2 Sigmund


Innate Abilities, Weirdness & Mutations

You do not regenerate when monsters are visible.
You are frail without blood (-20% HP).
You can heal yourself when you bite living creatures.
You are immune to poison.
You have razor-sharp teeth.
You have supernaturally acute eyesight. (SInv)
You are afflicted with vampirism and can become a bat while bloodless.


Message History

You see here 5 stones.
An iguana comes into view.
Found a stone staircase leading down.
The helpless iguana fails to defend itself.
You bite the iguana, and draw its blood!
You puncture the iguana!
The iguana is severely wounded.
The iguana misses you.
You hit the iguana but do no damage.
The iguana is severely wounded.
Casting: Sandblast (safe; 9% risk of failure)
Confirm with . or Enter, or press ? or * to list all spells.
Aiming: Sandblast (safe; 9% risk of failure)
Press: ? - help, Shift-Dir - straight line, f - iguana
Aim: an iguana (severely wounded, 84% to hit)
The blast of sand hits the iguana.
The iguana is severely wounded.
The iguana bites you! The iguana closely misses you.
Unknown command.
Casting: Sandblast (safe; 9% risk of failure)
Confirm with . or Enter, or press ? or * to list all spells.
Aiming: Sandblast (safe; 9% risk of failure)
Press: ? - help, Shift-Dir - straight line, f/p - iguana
Aim: an iguana (severely wounded, 84% to hit)
The blast of sand hits the iguana.
The iguana is almost dead.
The iguana bites you.
Unknown command.
Casting: Sandblast (safe; 9% risk of failure)
Confirm with . or Enter, or press ? or * to list all spells.
Aiming: Sandblast (safe; 9% risk of failure)
Press: ? - help, Shift-Dir - straight line, f/p - iguana
Aim: an iguana (almost dead, 84% to hit)
The blast of sand hits the iguana but does no damage.
The iguana is almost dead.
The iguana bites you!
* * * LOW HITPOINT WARNING * * *
The iguana bites you.
You die...
Kikubaaqudgha rasps: "You have failed me!
Welcome... oblivion!"

......#.# ......#.# #.#
........# #.# ........#
#.#
#.......########.#######
#.....#.................
##...####.............#
#...####........l...#
#......#.......@...#
#.####..............# .#
###.(.........##
##........>..#
###......#....
####..######. #### .


You could see an iguana.

Vanquished Creatures
  A water moccasin (D:3)
  A jelly (D:4)
  5 adders
  2 worms
  3 dart slugs
  5 orcs (D:3)
  7 bats
  7 endoplasms
  3 giant cockroaches
  7 goblins
  4 hobgoblins
  2 jackals (D:3)
  3 kobolds
  4 quokkas
  4 ball pythons
  A frilled lizard (D:2)
  2 rats
61 creatures vanquished.

Vanquished Creatures (others)
  A hobgoblin (D:4)
1 creature vanquished.

Grand Total: 62 creatures vanquished

Notes
Turn   | Place    | Note
-------+----------+-------------------------------------------
     0 | D:1      | NogeeEf the Vampire Earth Elementalist began the quest for
                  | the Orb.
     0 | D:1      | Reached XP level 1. HP: 13/13 MP: 3/3
   226 | D:1      | Reached XP level 2. HP: 15/15 MP: 3/5
   713 | D:1      | Found Oczemife's Assorted Antiques.
  1306 | D:2      | Noticed Sigmund
  1307 | D:2      | Gained mutation: You are afflicted with vampirism and can
                  | become a bat while bloodless. [Vampire growth]
  1307 | D:2      | Reached XP level 3. HP: 19/19 MP: 3/6
  1697 | D:2      | Reached skill level 4 in Stealth
  1711 | D:2      | Found a faded altar of an unknown god.
  2116 | D:2      | Reached XP level 4. HP: 24/24 MP: 7/7
  2379 | D:3      | Found an ancient bone altar of Kikubaaqudgha.
  2386 | D:3      | Became a worshipper of Kikubaaqudgha
  2643 | D:3      | Noticed a water moccasin
  2649 | D:3      | Killed a water moccasin
  2650 | D:3      | Reached skill level 1 in Short Blades
  2650 | D:3      | Reached XP level 5. HP: 17/28 MP: 2/9
  2942 | D:3      | Reached skill level 1 in Armour
  3321 | D:4      | Reached skill level 5 in Stealth
  3439 | D:4      | HP: 1/28 [iguana (10)]
  3439 | D:4      | Slain by an iguana

Illustrated notes

Levels and vault maps discovered:
D:1:      dpeg_arrival_morbid_curiosity, layout_basic, serial_shops,
          nicolae_shop_tiny_waterfront
D:2:      layout_basic, hellmonk_ecumenical_altar_pennies_from_heaven,
          uniq_sigmund, uniq_jessica
D:3:      layout_loops_ring, mainiacjoe_overflow_six_doors_small
D:4:      layout_cave_pods, grunt_qazlal_sundering, elyvilon_altar_4,
          nemelex_diamond_rough_becter, serial_shops, shop, minmay_pentangle,
          uniq_pikel

Skill      XL: |  1  2  3  4  5 |
---------------+----------------+-----
Stealth        | 4 5 |  5.0
Dodging        | 3 |  3.5
Short Blades   | 1 |  1.7
Spellcasting   | 3 |  3.1
Armour         | 1 |  1.0
Earth Magic    | 4 |  4.0
Transmutations | |  1.3

Action                     |  1- 3 |  4- 6 || total
---------------------------+-------+-------++-------
  Melee: Unarmed           |     8 |       ||     8
         Bite              |     4 |     2 ||     6
         Dagger            |    14 |    28 ||    42
   Cast: Sandblast         |    59 |    34 ||    93
Ability: Exsanguinate      |     1 |       ||     1
         End Transformatio |     3 |     1 ||     4
         Bat Form          |     3 |     1 ||     4
    Use: Scroll            |       |     3 ||     3
         Potion            |       |     1 ||     1
   Stab: Sleeping          |     2 |     7 ||     9
 Armour: Robe              |    27 |     8 ||    35
         Skin              |     3 |     1 ||     4
         Leather armour    |       |    27 ||    27
  Dodge: Dodged            |    42 |    28 ||    70

Table legend: (Time is in decaauts)
 A = Elapsed time spent in this place.
 B = Non-inter-level travel time spent in this place.
 C = Inter-level travel time spent in this place.
 D = Time resting spent in this place.
 E = Time spent auto-exploring this place.
 F = Levels seen in this place.
 G = Mean time per level.
                   A        B        C        D        E       F      G
               +--------+--------+--------+--------+--------+-----+--------+
         Total |   3473 |   3107 |    366 |    471 |   2021 |   4 |  868.2 |
       Dungeon |   3473 |   3107 |    366 |    471 |   2021 |   4 |  868.2 |
               +--------+--------+--------+--------+--------+-----+--------+

Top non-repeatable levels by time:
     D:1: 1759 daAuts
     D:3: 921 daAuts
     D:2: 620 daAuts
     D:4: 172 daAuts
